 Dungeon Crawl Stone Soup version 0.28-a0-1510-gd0f6b136d3 (webtiles) character file.

Game seed: 282217162796323225

46 croobank the Caller (level 3, 0/31 HPs)
             Began as an Octopode Summoner on Jan 15, 2022.
             Succumbed to an adder's poison
             ... on level 2 of the Dungeon.
             The game lasted 00:04:59 (2007 turns).

croobank the Caller (Octopode Summoner)             Turns: 2007, Time: 00:05:00

Health: 0/31       AC:  1    Str:  9    XL:     3   Next: 68%
Magic:  6/6        EV: 13    Int: 17    God:
Gold:   32         SH:  0    Dex: 12    Spells: 0/6 levels left

rFire   . . .      SeeInvis .   (no weapon)
rCold   . . .      Faith    .   (no shield)
rNeg    . . .      Spirit   .   (helmet restricted)
rPois   .          Reflect  .   (no amulet)
rElec   .          Harm     .   (no ring)
rCorr   .          Rampage  .   (no ring)
Will    .....                   (no ring)
Stlth   ..........              (no ring)
HPRegen 0.10/turn               (no ring)
MPRegen 0.10/turn               (no ring)
                                (no ring)
                                (no ring)

@: berserking, lethally poisoned (0 -> -5), very quick
A: almost no armour, amphibious, 8 rings, camouflage 1, gelatinous body 1,
(nimble swimmer 1), tentacles
a: no special abilities


You were on level 2 of the Dungeon.
You visited 1 branch of the dungeon, and saw 2 of its levels.

You collected 32 gold pieces.

Inventory:

Missiles
 b - 18 sling bullets
 e - 66 stones
 f - 18 arrows
Scrolls
 a - 2 scrolls of identify {unknown}
 c - a scroll of teleportation {unknown}
 d - a scroll of fear {unknown}
Potions
 h - a potion of cancellation {unknown}


   Skills:
 + Level 2.6 Dodging
 + Level 3.6 Stealth
 + Level 2.4 Spellcasting
 + Level 4.3 Summonings


You couldn't memorise any spells.
You knew the following spells:

 Your Spells              Type           Power      Damage    Failure   Level
a - Summon Small Mammal   Summ           64%        N/A       3%          1
b - Call Imp              Summ           16%        N/A       4%          2
c - Call Canine Familiar  Summ           16%        N/A       10%         3

Your spell library contained the following spells:

 Spells                   Type           Power      Damage    Failure   Level
 Summon Guardian Golem    Hex/Summ       9%         N/A       22%         3
 Summon Lightning Spire   Summ/Air       9%         N/A       58%         4
 Summon Forest            Summ/Tloc      4%         N/A       91%         5
 Summon Mana Viper        Hex/Summ       9%         N/A       91%         5
 Summon Cactus Giant      Summ           8%         N/A       99%         6


Dungeon Overview and Level Annotations

Branches:
Dungeon (2/15)

Altars:


Innate Abilities, Weirdness & Mutations

You cannot wear most types of armour.
You are amphibious.
You can wear up to eight rings at the same time.
Your skin changes colour to match your surroundings (Stealth+).
Your rubbery body absorbs attacks. (AC +1, EV +1)
((You are camouflaged when in or above water. (Stealth+)))
You have tentacles for arms and can constrict up to eight enemies at once.


Message History

You barely miss the kobold. You squeeze the kobold.
You kill the kobold!
You see here a +0 dagger.
Found a chain mail.
You see here a +0 chain mail.
An adder comes into view.
An adder is nearby!
The adder hisses angrily.
The adder bites you.
You tentacle-slap the adder. Your grab misses the adder.
You tentacle-slap the adder, but do no damage.
Your squeeze misses the adder.
The adder is lightly wounded.
The adder bites you.
You are poisoned.
The adder poisons you! The adder barely misses you.
You closely miss the adder. Your grab misses the adder.
The adder is lightly wounded.
You feel sick. The adder bites you.
You barely miss the adder. You grab the adder.
The adder is lightly wounded.
You constrict the adder.
You feel sick. The adder barely misses you.
You tentacle-slap the adder.
The adder is moderately wounded.
You constrict the adder.
You feel sick. The adder bites you.
* * * LOW HITPOINT WARNING * * *
The adder bites you.
* * * LOW HITPOINT WARNING * * *
You are more poisoned.
The adder poisons you!
It was a potion of berserk rage.
A red film seems to cover your vision as you go berserk!
You feel yourself moving faster!
You feel mighty!
You constrict the adder.
* * * LOW HITPOINT WARNING * * *
You feel sick. The adder misses you.
You are too berserk!
You barely miss the adder.
The adder is severely wounded.
You constrict the adder.
You die...

#. #.###+### #.......#
#.......# #.......#
#.......# ###....S..#
.......@..#######
####.............
#......######
#........# #.######.#
#. #.############
..######.#...........
##.............######.
.######.#.##.# #.


You could see an adder.

Vanquished Creatures
  2 dart slugs (D:1)
  3 endoplasms (D:1)
  6 hobgoblins (D:1)
  2 jackals (D:1)
  2 kobolds
  4 quokkas (D:1)
  A ball python (D:1)
  3 bats (D:1)
  A frilled lizard (D:2)
  4 goblins (D:1)
  4 rats (D:1)
32 creatures vanquished.

Vanquished Creatures (collateral kills)
  A dart slug (D:1)
  A ball python (D:1)
  A frilled lizard (D:1)
  3 rats (D:1)
6 creatures vanquished.

Vanquished Creatures (others)
  A plant (D:2)
1 creature vanquished.

Grand Total: 39 creatures vanquished

Notes
Turn   | Place    | Note
-------+----------+-------------------------------------------
     0 | D:1      | croobank the Octopode Summoner began the quest for the Orb.
     0 | D:1      | Reached XP level 1. HP: 11/11 MP: 3/3
   241 | D:1      | Reached XP level 2. HP: 14/17 MP: 3/5
   244 | D:1      | Learned a level 2 spell: Call Imp
   787 | D:1      | Reached XP level 3. HP: 15/21 MP: 6/6
   791 | D:1      | Learned a level 3 spell: Call Canine Familiar
  2005 | D:2      | HP: 1/21 [adder (2)]
  2007 | D:2      | Succumbed to an adder's poison

Illustrated notes

Levels and vault maps discovered:
D:1:      minmay_arrival_four_loops, layout_basic
D:2:      layout_basic, serial_shops, nicolae_shop_crystal, kennysheep_doodads,
          interstate_on_off, serial_bayou_pond_e, minmay_ruptured

Skill      XL: |  1 |
---------------+----+-----
Stealth        | 3 |  3.6
Dodging        | |  2.6
Spellcasting   | |  2.4
Summonings     | |  4.3

Action                   || total
-------------------------++-------
Melee: Unarmed           ||   102
       Constrict         ||    31
       Tentacles         ||    24
       Punch             ||     6
 Cast: Summon Small Mamm ||     9
       Call Imp          ||     5
       Call Canine Famil ||     1
  Use: Potion            ||     1
 Stab: Sleeping          ||    10
Armor: Skin              ||     6
Dodge: Dodged            ||    50

Table legend: (Time is in decaauts)
 A = Elapsed time spent in this place.
 B = Non-inter-level travel time spent in this place.
 C = Inter-level travel time spent in this place.
 D = Time resting spent in this place.
 E = Time spent auto-exploring this place.
 F = Levels seen in this place.
 G = Mean time per level.
                   A        B        C        D        E       F      G
               +--------+--------+--------+--------+--------+-----+--------+
         Total |   2006 |   1985 |     21 |    145 |   1486 |   2 | 1003.0 |
       Dungeon |   2006 |   1985 |     21 |    145 |   1486 |   2 | 1003.0 |
               +--------+--------+--------+--------+--------+-----+--------+

Top non-repeatable levels by time:
     D:1: 1862 daAuts
     D:2: 144 daAuts
